 Dungeon Crawl Stone Soup version 0.22-a0-136-g83a10e5 (webtiles) character file.

91 varam the Chopper (level 4, -7/39 HPs)
             Began as a Hill Orc Fighter on Feb 4, 2018.
             Mangled by Crazy Yiuf
             ... wielding a +2 quarterstaff of chaos
              (12 damage)
             ... on level 2 of the Dungeon.
             The game lasted 00:02:12 (1985 turns).

varam the Chopper (Hill Orc Fighter)                Turns: 1985, Time: 00:02:13

Health: -7/39      AC:  6    Str: 23    XL:     4   Next: 59%
Magic:  4/4        EV:  7    Int:  9    God:
Gold:   77         SH:  9    Dex: 10    Spells: 3/3 levels left

rFire    . . .     SeeInvis .   a - +0 war axe
rCold    . . .     Gourm    .   c - +0 shield
rNeg     . . .     Faith    .   b - +0 scale mail
rPois    .         Spirit   .   (no helmet)
rElec    .         Reflect  .   (no cloak)
rCorr    .         Harm     .   (no gloves)
MR       .....                  (no boots)
Stlth    ..........             (no amulet)
HPRegen  0.13/turn              (no ring)
MPRegen  0.09/turn              (no ring)

@: mighty, drained
A: no striking features
a: no special abilities


You were on level 2 of the Dungeon.
You were not hungry.

You visited 1 branch of the dungeon, and saw 2 of its levels.

You collected 77 gold pieces.

Inventory:

Hand Weapons
 a - a +0 war axe (weapon)
Missiles
 j - a throwing net (quivered)
 l - 8 tomahawks
Armour
 b - a +0 scale mail (worn)
 c - a +0 shield (worn)
Scrolls
 g - 2 scrolls of remove curse {unknown}
 h - 2 scrolls of identify {unknown}
 k - a scroll of enchant armour {unknown}
 o - 2 scrolls of blinking {unknown}
 q - a scroll of amnesia {unknown}
 r - a scroll of fear {unknown}
Potions
 e - 2 potions of curing {unknown}
 i - a potion of lignification {unknown}
 n - a potion of flight {unknown}
 p - a potion of haste {unknown}
Comestibles
 f - 4 rations
 m - 3 chunks of flesh


   Skills:
 - Level 3.6(3.3) Fighting
 * Level 5.3(5.0) Axes
 - Level 3.2(3.0) Armour
 + Level 4.2(3.9) Shields


You had 3 spell levels left.
You didn't know any spells.

Dungeon Overview and Level Annotations

Branches:
Dungeon (2/15)

Altars:

Annotations:
D:2 Crazy Yiuf


Message History

Crazy Yiuf hits you with a quarterstaff of chaos.
Crazy Yiuf burns you.
Your shield and scale mail prevent you from hitting Crazy Yiuf.
Crazy Yiuf is lightly wounded.
You block Crazy Yiuf's attack.
You feel very mighty all of a sudden.
Crazy Yiuf hits you with a quarterstaff of chaos.
You slash Crazy Yiuf!
Crazy Yiuf is heavily wounded.
Crazy Yiuf hits you with a quarterstaff of chaos. x2
* * * LOW HITPOINT WARNING * * *
You feel drained.
* * * LOW HITPOINT WARNING * * *
You closely miss Crazy Yiuf.
Crazy Yiuf is heavily wounded.
You block Crazy Yiuf's attack.
You closely miss Crazy Yiuf.
Crazy Yiuf is heavily wounded.
Crazy Yiuf hits you with a quarterstaff of chaos!
You die...

##
#.#####...#.#####.###)#
.# #.## #.###.#####..##.#
.# #..# #.# #...........#
.#####..# ###
##########.## ........#
#..# .######.# ♣♣♣♣♣###.#
.# #.# ### ♣♣♣.♣....#.#
.# ##.##
#...#♣..♣.......# .##
##...# #...g@♣♣♣♣......#
..###.#### #)..#♣♣
♣♣....## #..#.## ###
♣♣#### ##.#.# ...#.#####
...##....################
.......#................#
....##...##......####.###
##..###.####.########.#


You could see Crazy Yiuf.

Vanquished Creatures
  2 adders (D:2)
  A gnoll (D:1)
  3 worms (D:2)
  A dart slug (D:2)
  2 leopard geckos
  10 bats
  5 giant cockroaches
  3 goblins
  2 hobgoblins (D:1)
  3 jackals (D:2)
  9 kobolds
  2 quokkas (D:2)
  6 frilled lizards
  5 rats
54 creatures vanquished.

Notes
Turn   | Place    | Note
-------+----------+-------------------------------------------
     0 | D:1      | varam the Hill Orc Fighter began the quest for the Orb.
     0 | D:1      | Reached XP level 1. HP: 19/19 MP: 1/1
    27 | D:1      | Reached skill level 3 in Axes
   148 | D:1      | Reached XP level 2. HP: 22/26 MP: 2/2
   246 | D:1      | Reached skill level 4 in Axes
   246 | D:1      | Reached XP level 3. HP: 18/31 MP: 3/3
   913 | D:2      | HP: 2/31 [worm (9)]
  1225 | D:2      | Reached skill level 4 in Shields
  1225 | D:2      | Reached XP level 4. HP: 36/39 MP: 4/4
  1322 | D:2      | Reached skill level 5 in Axes
  1808 | D:2      | Found a runed door.
  1976 | D:2      | Noticed Crazy Yiuf
  1985 | D:2      | Mangled by Crazy Yiuf

Vault maps used:
D:1:      ncdulo_wetmaze
D:2:      minmay_misc_feat_iff, hangedman_decor_push, uniq_crazy_yiuf_cottage

Skill      XL: |  1  2  3  4 |
---------------+-------------+-----
Axes           | 3 4 5 |  5.3
Shields        | 4 |  4.2
Fighting       | |  3.6
Armour         | |  3.2

Action                   |  1- 3 |  4- 6 || total
-------------------------+-------+-------++-------
Melee: War axe           |   117 |    69 ||   186
  Use: Potion            |       |     1 ||     1
  Eat: Chunk             |     1 |     3 ||     4
Armor: Scale mail        |    72 |    33 ||   105
Dodge: Dodged            |    45 |    16 ||    61
Block: Shield            |    69 |    37 ||   106

Table legend:
 A = Spawn XP
 B = Non-spawn XP
 C = Spawn XP percentage of total XP
 D = Spawn monster count
 E = Non-spawn monster count
 F = Spawn count percentage of total count
 G = Total turns spent on level
                    A         B        C        D         E        F      G
               +---------+---------+-------+---------+---------+-------+---------
         Total |       0 |     131 |   0.0 |       0 |      54 |   0.0 |  1985
               +---------+---------+-------+---------+---------+-------+---------
           D:1 |       0 |      50 |   0.0 |       0 |      26 |   0.0 |   861
           D:2 |       0 |      81 |   0.0 |       0 |      28 |   0.0 |  1124
               +---------+---------+-------+---------+---------+-------+---------
